Map: Ever Dream LE

Players

LightWisdom

  • Race: Protoss Protoss
  • Spawn Location: 1:00

wORLDOrder - Winner!

  • Race: Protoss Protoss
  • League: Platinum
  • Spawn Location: 7:00

VOD

Have the link to the VOD?

Description

Time

  • Played on: May 11, 2020, 2:06 p.m.
  • Length: 7:16
Show
View Real Time Build Order
Export as new Build Order

LightWisdom Protoss 

Build Orders:  

Get SALT Encoding   

  12  0:00  Probe  
  13  0:13  Probe  
  14  0:20  Pylon  
  14  0:25  Probe  
  15  0:38  Probe  
  15  0:42  Gateway  
  16  0:48  Assimilator  
  16  0:50  Probe  
  16  0:55  Assimilator  
  17  1:02  Probe  
  18  1:14  Probe  
  19  1:19  Gateway  
  19  1:26  Probe  
  20  1:40  Cybernetics Core  
  20  1:48  Probe  
  21  2:02  Probe  
  22  2:19  Pylon  
  22  2:25  Warp Gate  
  22  2:32  Pylon  
  22  2:37  Stalker x2  
  26  2:50  Pylon  
  26  2:51  Probe  
  27  3:03  Probe  
  28  3:07  Stalker x2  
  32  3:18  Robotics Facility  
  32  3:23  Probe  
  33  3:37  Probe  
  34  3:46  Nexus  
  34  3:49  Probe  
  17  4:51  Pylon  
  4  4:56  Stalker  
  4  4:57  Stalker  
  7  5:03  Probe  
  8  5:09  Pylon  
  6  5:15  Probe  
  2  5:48  Nexus  
  2  7:00  Probe  
Show
View Real Time Build Order
Export as new Build Order

wORLDOrder Protoss - Winner!

Build Orders: Dark Templar Rush 

Get SALT Encoding   

  12  0:00  Probe (Chrono Boost)  
  13  0:10  Probe (Chrono Boost)  
  14  0:21  Pylon  
  14  0:25  Probe  
  15  0:39  Probe  
  16  0:42  Gateway  
  16  0:50  Assimilator  
  16  0:51  Probe  
  16  0:55  Assimilator  
  17  1:03  Probe (Chrono Boost)  
  18  1:07  Pylon  
  18  1:15  Probe (Chrono Boost)  
  19  1:30  Cybernetics Core  
  19  1:31  Probe  
  20  1:43  Probe  
  21  1:55  Probe  
  21  1:56  Pylon  
  22  2:04  Pylon  
  22  2:08  Warp Gate (Chrono Boost), Probe  
  23  2:09  Twilight Council  
  23  2:21  Probe  
  24  2:32  Gateway  
  24  2:36  Gateway  
  24  2:45  Dark Shrine  
  24  2:56  Gateway  
  24  2:58  Probe  
  25  3:10  Probe  
  25  3:11  Pylon  
  26  3:22  Probe  
  27  3:34  Probe  
  28  3:41  Pylon  
  28  3:54  Probe  
  29  3:58  Dark Templar x2  
  29  3:59  Dark Templar x2  
  37  4:34  Dark Templar  
  37  4:35  Dark Templar  
  41  4:42  Nexus  
  41  5:02  Dark Templar  
  43  5:08  Assimilator  
  43  5:12  Assimilator  
  43  5:15  Probe  
  43  5:20  Dark Templar  
  46  5:27  Probe  
  47  5:35  Pylon  
  47  5:39  Probe  
  48  5:51  Probe  
  48  5:53  Stargate, Nexus  
  49  6:03  Probe  
  50  6:14  Probe  
  50  6:15  Probe  
  52  6:20  Assimilator  
  52  6:21  Assimilator  
  52  6:25  Pylon  
  52  6:26  Stargate  
  52  6:28  Pylon  
  52  6:31  Probe x2  
  54  6:39  Pylon  
  54  6:42  Pylon  
  54  6:44  Fleet Beacon  
  54  6:53  Probe x2  
  56  6:56  Stargate  
Tags
 
League
Platinum
Matchup
PvP
Spawn Locations
Cross Positions
Add a new tag
Caveats
  • Supply blocks, unpowered buildings, or Contaminate may cause inaccurate times.
  • Supply counts are checked every 10 seconds.